cohdb
Replays
Latest Replays
All Replays
Popular Replays
Top Player Replays
Match Explorer
How It Works
Community
CoH3 Stats
Reddit
Sign in to upload your games and track your stats! →
Sign in with Steam
Match 45398715
Unlisted
Match 45398715
Overview
Messages
Build Orders
End
Construct Infanterie Kompanie
Selects Terror Battlegroup
Grenadier Squad
Selects Machine Gun Camouflage
MG 42 Machine Gun Team
Grenadier Squad
MG 42 Machine Gun Team
Construct Luftwaffe Kompanie
221 Scout Car
Medical Station
Flak 30 Anti-aircraft Gun Team
Jäger Squad
Support Elements
Wirbelwind Flakpanzer
Marder III M Tank Destroyer
Selects No Quarter
Pioneer Squad
Side Skirts
Wirbelwind Flakpanzer
Marder III M Tank Destroyer
Pioneer Squad
Pioneer Squad
Marder III M Tank Destroyer
MG 42 Bunker
Kettenkrad Recon Vehicle
Selects King Tiger Heavy Tank
Marder III M Tank Destroyer
Selects Interrogate
Kettenkrad Recon Vehicle
Construct Panzergrenadier Kompanie
Selects Jericho Trumpet
Nebelwerfer 42 Rocket Launcher Team
Nebelwerfer 42 Rocket Launcher Team
Jericho Trumpet
King Tiger Heavy Tank
Obersol
Ermac
403671774
Chicken
0
0
Comments
sign in to comment!
No comments posted yet!